 Dungeon Crawl Stone Soup version bcrawl-1.13 (webtiles) character file.

Game seed: 4759152786199242986

575 Camlann the Slasher (level 7, 44/52 HPs)
             Began as a Demonspawn Archaeologist on July 27, 2019.
             Quit the game on level 4 of the Dungeon.
             The game lasted 00:05:51 (3686 turns).

Camlann the Slasher (Demonspawn Archaeologist)      Turns: 3686, Time: 00:05:52

Health: 44/52      AC:  9    Str: 14    XL:     7   Next: 12%
Magic:  7/7        EV: 11    Int: 15    God:
Gold:   46         SH:  1    Dex: 11    Spells: 6/6 levels left

rFire    + + +     SeeInvis +   f - +6 scimitar of Flaming Death {sticky flame, rF++ rC- MR+}
rCold    . . .     Gourm    .   (no shield)
rNeg     . . .     Faith    .   j - +0 ring mail
rPois    +         Spirit   .   p - +2 hat {SInv}
rElec    .         Reflect  .   (no cloak)
rCorr    .         Harm     .   (no gloves)
MR       +....                  d - +1 pair of boots
Stlth    +.........             (no amulet)
HPRegen  0.17/turn              m - ring of protection from fire
MPRegen  0.10/turn              i - ring of poison resistance

@: lightly drained
A: hooves 2, cold resistance 1
a: no special abilities


You were on level 4 of the Dungeon.
You were not hungry.

You visited 1 branch of the dungeon, and saw 4 of its levels.

You collected 298 gold pieces.
You spent 252 gold pieces at shops.

Inventory:

Hand Weapons
 f - the +6 scimitar of Flaming Death (weapon) {sticky flame, rF++ rC- MR+}

   It has been specially enchanted to burn those struck by it, causing extra
   injury to most foes and up to half again as much damage against particularly
   susceptible opponents.
   Big, fiery blades are also staple armaments of hydra-hunters.
   It greatly protects you from fire.
   It makes you vulnerable to cold.
   It affects your resistance to hostile enchantments.
Armour
 d - a +1 pair of boots (worn)
 j - a +0 ring mail (worn)
 p - a +2 hat of see invisible (worn)
Jewellery
 c - an uncursed ring of wizardry {unknown}
 h - an uncursed ring of insulation
 i - a ring of poison resistance (right hand)
 m - a ring of protection from fire (left hand)
Wands
 a - a wand of digging (4)
Scrolls
 e - 2 scrolls of identify
 k - a scroll of amnesia
 q - a scroll of immolation
 r - a scroll of noise {unknown}
Potions
 b - 2 potions of brilliance
 l - a potion of magic
 o - a potion of agility
Comestibles
 g - 6 rations {!d}
 n - 9 chunks of flesh


   Skills:
 - Level 3.0(2.6) Fighting
 + Level 7.8(7.3) Long Blades
   Level 0.8(0.4) Maces & Flails
 - Level 2.6(2.2) Dodging
 - Level 3.0(2.5) Stealth


You had 6 spell levels left.
You didn't know any spells.
Your spell library was empty.

Dungeon Overview and Level Annotations

Branches:
Dungeon (4/12)
 Temple: D:4-7

Altars:
Fedhas
Gozag
Xom
Yredelemnul
Zin

Shops:
D:4 [


Innate Abilities, Weirdness & Mutations

You have hoof-like feet.
Your flesh is cold resistant. (rC+)


Message History

You feel drained.
You hit Edmund but do no damage.
Edmund burns!
You slash Edmund! You burn Edmund.
Edmund burns!
Edmund hits you but does no damage.
You feel drained.
You slash Edmund! You burn Edmund.
Edmund is covered in liquid flames!
Edmund burns!
You kill Edmund!
You have reached level 7!
Things that are here:
a +1 flail of draining; a +0 ring mail; the human corpse of Edmund You butcher the human corpse of Edmund.
n - 9 chunks of flesh (gained 3)
Things that are here:
a +1 flail of draining; a +0 ring mail; the human skeleton of Edmund
q - a scroll of immolation You open the door.
There is an open door here.
Found a basalt altar of Yredelemnul.
You now have 46 gold pieces (gained 18).
r - a scroll labeled GAICVO QUVVAXO

.......).#....##
.........'.....#
.........#.....#
.........#.....#
........##....##
........##....##
........#......#
........#......#
.##.. #.@....#
#.........#
+..P.P.....#
#..._......#
#..P.P.....#
#.........##
#....#####.
?...# ..


There were no monsters in sight!

Vanquished Creatures
  Sigmund (D:3)
  Edmund (D:4)
  An ogre (D:4)
  A crimson imp (D:4)
  An orc priest (D:3)
  4 adders
  4 oozes
  An adder skeleton (D:3)
  A worm (D:3)
  3 dart slugs
  5 leopard geckos
  6 orcs
  2 ball pythons
  3 giant cockroaches
  10 goblins
  9 hobgoblins
  9 jackals
  4 kobolds
  2 quokkas
  7 bats
  4 frilled lizards
  2 rats
81 creatures vanquished.

Notes
Turn   | Place    | Note
-------+----------+-------------------------------------------
     0 | D:1      | Camlann the Demonspawn Archaeologist began the quest for
                  | the Orb.
     0 | D:1      | Reached XP level 1. HP: 15/15 MP: 1/1
   130 | D:1      | Gained mutation: Your flesh is cold resistant. (rC+)
                  | [demonic ancestry]
   130 | D:1      | Reached XP level 2. HP: 11/22 MP: 2/2
   537 | D:1      | Reached XP level 3. HP: 6/29 MP: 3/3
   874 | D:1      | Reached skill level 1 in Long Blades
  1271 | D:2      | Reached skill level 2 in Long Blades
  1338 | D:2      | Found a blossoming altar of Fedhas.
  1530 | D:2      | Reached XP level 4. HP: 30/35 MP: 4/4
  1532 | D:2      | Reached skill level 3 in Long Blades
  2445 | D:3      | Reached skill level 4 in Long Blades
  2589 | D:3      | Noticed Sigmund
  2589 | D:3      | Noticed a sky beast
  2926 | D:3      | Found an opulent altar of Gozag.
  2929 | D:3      | Found a glowing silver altar of Zin.
  3073 | D:3      | Killed Sigmund
  3073 | D:3      | Reached skill level 6 in Long Blades
  3073 | D:3      | Gained mutation: You have large cloven feet. [demonic
                  | ancestry]
  3073 | D:3      | Reached XP level 5. HP: 30/41 MP: 5/5
  3073 | D:3      | Gained mutation: You have hoof-like feet. [demonic
                  | ancestry]
  3073 | D:3      | Reached XP level 6. HP: 34/47 MP: 6/6
  3497 | D:3      | Found a shimmering altar of Xom.
  3524 | D:4      | Found Sehew's Armour Boutique.
  3542 | D:4      | Reached skill level 7 in Long Blades
  3580 | D:4      | Bought a +2 hat of see invisible for 252 gold pieces
  3657 | D:4      | Noticed Edmund
  3666 | D:4      | Killed Edmund
  3666 | D:4      | Reached XP level 7. HP: 41/52 MP: 7/7
  3679 | D:4      | Found a basalt altar of Yredelemnul.
  3686 | D:4      | Quit the game

Skill      XL: |  1  2  3  4  5  6 |
---------------+-------------------+-----
Fighting       | 2 3 |  3.0
Long Blades    | 2 6 7 |  7.8
Maces & Flails | |  0.8
Dodging        | |  2.6
Stealth        | |  3.0

Action                   |  1- 3 |  4- 6 |  7- 9 || total
-------------------------+-------+-------+-------++-------
Melee: Whip              |   179 |   149 |       ||   328
       Scimitar          |       |    58 |       ||    58
  Use: Scroll            |     5 |     2 |       ||     7
       Potion            |     2 |     6 |       ||     8
 Stab: Sleeping          |     3 |       |       ||     3
  Eat: Chunk             |     2 |     7 |       ||     9
Armor: Robe              |    63 |       |       ||    63
       Ring mail         |    16 |   115 |       ||   131
Dodge: Dodged            |   160 |   155 |       ||   315
Block: Other             |       |     3 |       ||     3
